 Dungeon Crawl Stone Soup version 0.31-a0-1265-gaa4636e842 (webtiles) character file.

Game seed: 15082836100718995970

91 night the Shooter (level 4, -1/33 HPs)
             Began as a Formicid Hunter on Dec 16, 2023.
             Was a Believer of Elyvilon.
             Slain by a water moccasin (7 damage)
             ... on level 3 of the Dungeon.
             The game lasted 00:03:23 (1498 turns).

night the Shooter (Formicid Hunter)                 Turns: 1498, Time: 00:03:24

Health: -1/33      AC:  4    Str: 13 (15) XL:     4   Next: 87%
Magic:  4/4        EV: 12    Int:  8 (9)  God:    Elyvilon [**....]
Gold:   100        SH:  0    Dex: 18 (19) Spells: 3/3 levels left

rFire   . . .        a - +0 shortbow
rCold   . . .        (no shield)
rNeg    . . .        c - +0 leather armour
rPois   .            (helmet unavailable)
rElec   .            m - +0 cloak
rCorr   .            (no gloves)
SInv    +            (no boots)
Will    .....        (no amulet)
Stlth   ++           (no ring)
HPRegen 0.25/turn    (no ring)
MPRegen 0.09/turn

%: no passive effects
@: no status effects
A: permanent stasis, dig shafts and tunnels, antennae 3, four strong arms
a: Dig, Shaft Self, Renounce Religion, Purification, Heal Other


You were on level 3 of the Dungeon.
You worshipped Elyvilon.
Elyvilon was pleased with you.
You visited 1 branch of the dungeon, and saw 3 of its levels.

You collected 100 gold pieces.

Inventory:

Hand Weapons
 a - a +0 shortbow (weapon)
Missiles
 j - 14 stones
Armour
 c - a +0 leather armour (worn)
 m - a +0 cloak (worn)
Scrolls
 b - a scroll of butterflies
 e - 2 scrolls of teleportation {unknown}
 f - a scroll of enchant armour {unknown}
 g - a scroll of immolation {unknown}
 i - 2 scrolls of revelation {unknown}
 l - 3 scrolls of blinking {unknown}
 n - a scroll of identify {unknown}
 o - a scroll of amnesia {unknown}
Potions
 d - 2 potions of curing
 h - a potion of degeneration
 k - a potion of cancellation {unknown}


   Skills:
 - Level 2.1 Fighting
 * Level 5.3 Ranged Weapons
 + Level 2.8 Dodging
 - Level 1.2 Stealth


You had 3 spell levels left.
You didn't know any spells.
Your spell library contained the following spells:

 Spells                   Type           Power      Damage    Failure   Level
 Dazzling Flash           Conj/Hex       0%         N/A       86%         3
 Brom's Barrelling Bould  Conj/Erth      0%         2d3       99%         4
 Agony                    Necr           0%         N/A       100%        5
 Fireball                 Conj/Fire      0%         3d3       100%        5
 Iskenderun's Battlesphe  Conj           0%         2d6       100%        5
 Silence                  Hex/Air        0%         N/A       100%        5
 Conjure Ball Lightning   Conj/Air       0%         3x3d6     100%        6
 Orb of Destruction       Conj           0%         9d5       100%        7


Dungeon Overview and Level Annotations

Branches:
Dungeon (3/15)

Altars:
Elyvilon

Shops:
D:1 (


Innate Abilities, Weirdness & Mutations

You cannot be hasted, slowed, berserked, paralysed or teleported.
You can dig through walls and to a lower floor.
You have a pair of large antennae on your head. (SInv)
Your four strong arms can wield two-handed weapons with a shield.


Message History

You feel better.
The water moccasin bites you but does no damage.
Fire: a) +0 shortbow
Press: ? - help, Shift-Dir - straight line, f - giant cockroach, p - water moccasin
Aim: a giant cockroach (64% to hit)
You shoot an arrow. The arrow misses the water moccasin.
The arrow hits the giant cockroach.
The giant cockroach is heavily wounded.
The water moccasin misses you. x2
Fire: a) +0 shortbow
Press: ? - help, Shift-Dir - straight line, f/p - giant cockroach
Aim: a giant cockroach (heavily wounded, 64% to hit)
You shoot an arrow.
The arrow completely misses the water moccasin.
The arrow hits the giant cockroach.
You kill the giant cockroach!
The water moccasin bites you.
Fire: a) +0 shortbow
Press: ? - help, Shift-Dir - straight line, f - water moccasin
Aim: a water moccasin (severely wounded, 48% to hit)
You shoot an arrow.
The arrow closely misses the water moccasin.
The water moccasin bites you.
* * * LOW HITPOINT WARNING * * *
The water moccasin closely misses you.
Fire: a) +0 shortbow
Press: ? - help, Shift-Dir - straight line, f/p - water moccasin
Aim: a water moccasin (severely wounded, 48% to hit)
You shoot an arrow.
The arrow barely misses the water moccasin.
The water moccasin closely misses you.
Fire: a) +0 shortbow
Press: ? - help, Shift-Dir - straight line, f - kobold, p - water moccasin
Aim: a kobold, wielding a +0 short sword (58% to hit)
You shoot an arrow. The arrow hits the water moccasin.
The water moccasin is severely wounded.
The water moccasin bites you. Elyvilon protects you from harm!
The water moccasin bites you!
You die...

.#..#.... ......... ......
.........# #....
#........###...## ....#
............... ..... ###.....:#
#...# .... .........# #...# #..
?........# #...# ..# #..
.........###@..# .... +..
.......)..KS#### ###.. #..
.....♣P.♣♣.†# #....# #..
....♣♣♣~~♣..... ......#####.
...# ♣P|♣♣#.....# #.#.........
.. ♣♣~P♣♣♣....# #.#.........
♣♣♣♣♣♣.♣♣♣♣♣♣#######.#.........
.♣PPP~~~~~..P♣#.................
..~~~....~~............###..###.


You could see a water moccasin and a kobold.

Vanquished Creatures
  Jessica (D:2)
  An orc wizard (D:3)
  A worm (D:3)
  A dart slug (D:1)
  4 endoplasms
  A giant cockroach (D:3)
  2 goblins
  2 hobgoblins
  3 kobolds
  3 quokkas
  4 ball pythons
  3 bats (D:1)
  2 frilled lizards
  9 rats
37 creatures vanquished.

Notes
Turn   | Place    | Note
-------+----------+-------------------------------------------
     0 | D:1      | night the Formicid Hunter began the quest for the Orb.
     0 | D:1      | Reached XP level 1. HP: 16/16 MP: 1/1
    79 | D:1      | Found a faded altar of an unknown god.
   117 | D:1      | Prayed at the altar of an unknown god.
   117 | D:1      | Became a worshipper of Elyvilon the Healer
   117 | D:1      | Reached * piety under Elyvilon
   154 | D:1      | Found Weanov's Weapon Boutique.
   301 | D:1      | Reached skill level 2 in Dodging
   305 | D:1      | Reached XP level 2. HP: 22/22 MP: 2/2
   670 | D:2      | Reached XP level 3. HP: 27/27 MP: 3/3
   805 | D:2      | Reached ** piety under Elyvilon
   973 | D:2      | Noticed Jessica
   979 | D:2      | Killed Jessica
   980 | D:2      | Reached skill level 5 in Ranged Weapons
   980 | D:2      | Reached XP level 4. HP: 17/33 MP: 4/4
  1468 | D:3      | Noticed a water moccasin
  1492 | D:3      | HP: 4/33 [water moccasin (8)]
  1498 | D:3      | Elyvilon protects you from harm!
  1498 | D:3      | Slain by a water moccasin

Illustrated notes

Levels and vault maps discovered:
D:1:      lemuel_arrival_lava_pool, layout_rooms, serial_shops,
          nicolae_shop_bloodbath_and_beyond,
          shapermc_ecumenical_altar_totnotflames,
          chequers_serial_rivers_micro_d, minmay_rat_gold_closets
D:2:      layout_loops_ring, uniq_jessica
D:3:      layout_basic, mainiacjoe_overflow_surrounded_room,
          serial_bayou_crossing

Skill      XL: |  1  2  3 |
---------------+----------+-----
Dodging        | 2 |  2.8
Ranged Weapons | 5 |  5.3
Fighting       | |  2.1
Stealth        | |  1.2

Action                     |  1- 3 |  4- 6 || total
---------------------------+-------+-------++-------
   Fire: Shortbow          |    59 |    53 ||   112
    Use: Potion            |       |     3 ||     3
 Armour: Leather armour    |     8 |    29 ||    37
  Dodge: Dodged            |    12 |    22 ||    34

Table legend: (Time is in decaauts)
 A = Elapsed time spent in this place.
 B = Non-inter-level travel time spent in this place.
 C = Inter-level travel time spent in this place.
 D = Time resting spent in this place.
 E = Time spent auto-exploring this place.
 F = Levels seen in this place.
 G = Mean time per level.
                   A        B        C        D        E       F      G
               +--------+--------+--------+--------+--------+-----+--------+
         Total |   1524 |   1441 |     83 |    100 |   1067 |   3 |  508.0 |
       Dungeon |   1524 |   1441 |     83 |    100 |   1067 |   3 |  508.0 |
               +--------+--------+--------+--------+--------+-----+--------+

Top non-repeatable levels by time:
     D:1: 677 daAuts
     D:2: 626 daAuts
     D:3: 220 daAuts
